 Dungeon Crawl Stone Soup version 0.30-a0-1160-g6e42c06551 (console) character file.

Game seed: 1501844742662315499

158 petzl the Sneak (level 5, -2/41 HPs)
             Began as a Formicid Delver on Apr 26, 2023.
             Slain by a jelly (3 damage)
             ... on level 4 of the Dungeon.
             The game lasted 00:10:07 (3629 turns).

petzl the Sneak (Formicid Delver)                   Turns: 3629, Time: 00:10:07

Health: -2/41      AC: -5    Str: 17    XL:     5   Next: 66%
Magic:  11/11      EV: 12    Int: 11    God:
Gold:   150        SH:  0    Dex: 15    Spells: 12/12 levels left

rFire   . . .        a - +3 spear {!f =f}
rCold   . . .        (no shield)
rNeg    . . .        h - +0 leather armour
rPois   .            (helmet unavailable)
rElec   .            (no cloak)
rCorr   .            (no gloves)
SInv    +            (no boots)
Will    .....        (no amulet)
Stlth   +++          (no ring)
HPRegen 0.26/turn    (no ring)
MPRegen 0.12/turn

%: no passive effects
@: corroded
A: permanent stasis, dig shafts and tunnels, antennae 3, four strong arms
a: Dig, Shaft Self


You were on level 4 of the Dungeon.
You visited 1 branch of the dungeon, and saw 6 of its levels.

You collected 150 gold pieces.

Inventory:

Hand Weapons
 a - a +3 spear (weapon) {!f =f}
 b - a +0 sling
 w - a +0 mace
Missiles
 g - 8 poisoned darts
 v - 2 curare-tipped darts
Armour
 h - a +0 leather armour (worn)
Jewellery
 p - a ring of willpower
Wands
 f - a wand of digging (3)
 l - a wand of paralysis (5)
 t - a wand of iceblast (12)
Scrolls
 c - a scroll of fog
 d - a scroll of magic mapping
 e - 2 scrolls of fear
 i - a scroll of brand weapon {unknown}
 k - a scroll of enchant weapon {unknown}
 m - 2 scrolls of torment {unknown}
 n - 3 scrolls of identify {unknown}
 s - 2 scrolls of immolation
 x - a scroll of blinking {unknown}
 y - a scroll of vulnerability {unknown}
Potions
 j - 2 potions of cancellation {unknown}
 o - a potion of mutation {unknown}
 q - a potion of curing {unknown}
 r - a potion of might {unknown}
 u - a potion of brilliance {unknown}
 z - a potion of lignification {unknown}


   Skills:
 - Level 3.2 Fighting
 - Level 2.0 Maces & Flails
 + Level 2.4 Ranged Weapons
 - Level 1.7 Dodging
 - Level 6.0 Stealth
 + Level 4.1 Spellcasting


You had 12 spell levels left.
You didn't know any spells.
Your spell library contained the following spells:

 Spells                   Type           Power      Damage    Failure   Level
 Arcjolt                  Conj/Air       1%         1d11      100%        5
 Plasma Beam              Fire/Air       1%         2x1d12    100%        6
 Vhi's Electric Charge    Tloc/Air       Unusable   N/A       N/A         3

Dungeon Overview and Level Annotations

Branches:
Dungeon (6/15)
 Temple: D:4-7

Altars:

Annotations:
D:4 exclusion: downstairs
D:5 exclusions: downstairs and scorpion


Innate Abilities, Weirdness & Mutations

You cannot be hasted, slowed, berserked, paralysed or teleported.
You can dig through walls and to a lower floor.
You have a pair of large antennae on your head. (SInv)
Your four strong arms can wield two-handed weapons with a shield.


Message History

You shoot a sling bullet. The sling bullet hits the kobold.
The kobold is heavily wounded.
You shoot a sling bullet.
The sling bullet barely misses the kobold.
The kobold misses you.
You shoot a sling bullet.
The sling bullet barely misses the kobold.
The kobold hits you with a +0 short sword.
a - a +3 spear (weapon)
{!f =f} The kobold closely misses you.
The jelly quivers.
You hit the kobold.
The kobold is severely wounded.
The kobold hits you with a +0 short sword.
You hit the kobold.
You kill the kobold!
Reach: a) +3 spear {!f =f}
Press: ? - help, Dir - move target, f - jelly
Aim: a jelly (about 9% to evade your +3 spear)
You reach to attack!
You hit the jelly.
The jelly is lightly wounded.
You hit the jelly.
Your hands burn!
The jelly is moderately wounded.
The jelly hits you but does no damage.
You hit the jelly.
Your hands burn!
The jelly is moderately wounded.
The jelly hits you. The acid corrodes you!
You are splashed with acid!
The jelly attacks as you move away! The jelly hits you. The acid corrodes you!
You are splashed with acid!
* * * LOW HITPOINT WARNING * * *
Things that are here:
a +0 short sword; a kobold corpse Are you sure you want to shaft yourself?
The jelly hits you.
* * * LOW HITPOINT WARNING * * *
The acid corrodes you!
You are splashed with acid!
* * * LOW HITPOINT WARNING * * *
You begin to dig a shaft.
You continue digging a shaft.
The jelly hits you.
You die...

# ## #.# #.# #.# .
#.# #. ###.# #.# #
....# #.# . #..#
####.#
#..######.##.######
...........#......##
#.###...............
#...................
#>.##..##.#########.
###..##..##.# ##
....##..##.#
##.####.###..##.#
#.............#.#
..####J###...#) #@#
#...# #.# #...# ...
....# ##.####..# #.#
..# ... ... ###


You could see a jelly.

Vanquished Creatures
  An orc priest (D:2)
  3 adders
  An ufetubus (D:4)
  2 worms (D:3)
  3 dart slugs
  8 orcs
  6 ball pythons
  3 bats
  7 endoplasms
  2 giant cockroaches
  6 goblins
  4 hobgoblins
  2 jackals (D:3)
  14 kobolds
  A quokka (D:2)
  6 frilled lizards
  3 rats
72 creatures vanquished.

Notes
Turn   | Place    | Note
-------+----------+-------------------------------------------
     0 | D:5      | petzl the Formicid Delver began the quest for the Orb.
     0 | D:5      | Reached XP level 1. HP: 18/18 MP: 1/1
    19 | D:6      | Noticed a killer bee
    19 | D:6      | Noticed a killer bee
    19 | D:6      | Noticed a killer bee
    19 | D:6      | Noticed a killer bee
    44 | D:6      | Noticed a hound
    44 | D:6      | Noticed a scorpion
    55 | D:5      | Noticed a scorpion
   109 | D:5      | Noticed a water moccasin
   121 | D:4      | Reached skill level 1 in Spellcasting
   121 | D:4      | Reached XP level 2. HP: 3/24 MP: 1/4
   456 | D:3      | Reached XP level 3. HP: 29/29 MP: 6/6
   761 | D:2      | Reached XP level 4. HP: 25/35 MP: 8/8
   846 | D:1      | Found a faded altar of an unknown god.
  1072 | D:1      | Reached skill level 1 in Ranged Weapons
  2449 | D:3      | Reached XP level 5. HP: 35/41 MP: 10/10
  2885 | D:3      | You fall into a shaft and drop 1 floor!
  3628 | D:4      | HP: 1/41 [acid (7)]
  3629 | D:4      | Slain by a jelly

Illustrated notes

Levels and vault maps discovered:
D:1:      minmay_arrival_jagged, layout_basic, hellmonk_ecumenical_altar_blasted
D:2:      layout_basic
D:3:      layout_rooms
D:4:      layout_loops_ring, small_statue_intersection
D:5:      cheibrodos_quashed, layout_loops_ring
D:6:      layout_loops_ring, minmay_temple_entry_junction, serial_shops, shop

Skill      XL: |  1  2  3  4  5 |
---------------+----------------+-----
Spellcasting   | 1 2 3 4 |  4.1
Ranged Weapons | 1 2 |  2.4
Fighting       | |  3.2
Maces & Flails | |  2.0
Dodging        | |  1.7
Stealth        | |  6.0

Action                     |  1- 3 |  4- 6 || total
---------------------------+-------+-------++-------
  Melee: Mace              |    58 |    64 ||   122
         Punch             |     1 |       ||     1
         Spear             |       |     5 ||     5
   Fire: Sling             |     6 |   187 ||   193
Ability: Shaft Self        |       |     3 ||     3
   Stab: Sleeping          |     1 |     2 ||     3
 Armour: Leather armour    |    10 |    32 ||    42
  Dodge: Dodged            |    75 |    96 ||   171

Table legend: (Time is in decaauts)
 A = Elapsed time spent in this place.
 B = Non-inter-level travel time spent in this place.
 C = Inter-level travel time spent in this place.
 D = Time resting spent in this place.
 E = Time spent auto-exploring this place.
 F = Levels seen in this place.
 G = Mean time per level.
                   A        B        C        D        E       F      G
               +--------+--------+--------+--------+--------+-----+--------+
         Total |   3731 |   3513 |    218 |    878 |   1655 |   6 |  621.8 |
       Dungeon |   3731 |   3513 |    218 |    878 |   1655 |   6 |  621.8 |
               +--------+--------+--------+--------+--------+-----+--------+

Top non-repeatable levels by time:
     D:2: 1048 daAuts
     D:3: 1039 daAuts
     D:1: 901 daAuts
     D:4: 671 daAuts
     D:5: 63 daAuts
     D:6: 7 daAuts
